 Dungeon Crawl Stone Soup version 0.27-a0-531-gb72ec1a1b6 (webtiles) character file.

Game seed: 61161382790681446

2132 siradein the Cleaver (level 9, -4/91 HPs)
             Began as a Demonspawn Gladiator on Mar 4, 2021.
             Was a Priest of Trog.
             Slain by Duvessa
             ... wielding a +4 short sword of speed
              (9 damage)
             ... on level 6 of the Dungeon on Mar 6, 2021.
             The game lasted 00:18:02 (7206 turns).

siradein the Cleaver (Demonspawn Gladiator)         Turns: 7206, Time: 00:18:03

Health: -4/91      AC: 16    Str: 15    XL:     9   Next: 9%
Magic:  9/9        EV:  4    Int: 10    God:    Trog [***...]
Gold:   400        SH:  0    Dex: 17    Spells: 8/8 levels left

rFire    x . .     SeeInvis .   a - +0 war axe
rCold    + . .     Faith    .   (no shield)
rNeg     . . .     Spirit   .   B - +0 plate armour
rPois    .         Reflect  .   (helmet restricted)
rElec    .         Harm     .   (no cloak)
rCorr    .         Rampage  .   C - +1 pair of gloves
Will     ++...                  (no boots)
Stlth    ..........             n - amulet of the acrobat
HPRegen  1.25/turn              m - +4 ring of protection
MPRegen  0.11/turn              e - ring of ice

@: berserking, regenerating, hasted, very quick
A: antennae 1, claws 1, hooves 2, demonic guardian 1, demonic magic 1
a: Renounce Religion, Berserk, Trog's Hand


You were on level 6 of the Dungeon.
You worshipped Trog.
Trog was most pleased with you.
You visited 1 branch of the dungeon, and saw 7 of its levels.

You collected 400 gold pieces.

Inventory:

Hand Weapons
 a - a +0 war axe (weapon)
Missiles
 b - 6 javelins
 c - 36 bolts
 d - 3 throwing nets
 j - 7 poisoned darts
 u - 16 boomerangs (quivered)
Armour
 B - a +0 plate armour (worn)
 C - a +1 pair of gloves (worn)
Jewellery
 e - a ring of ice (right hand)
 m - a +4 ring of protection (left hand)
 n - an amulet of the acrobat (around neck)
 x - a ring of resist corrosion
Wands
 k - a wand of acid (21)
 v - a wand of iceblast (10)
Scrolls
 g - 6 scrolls of teleportation
 h - 2 scrolls of blinking {unknown}
 i - a scroll of fear {unknown}
 l - 2 scrolls of magic mapping {unknown}
 q - a scroll of random uselessness {unknown}
 r - a scroll of fog {unknown}
 s - a scroll of immolation {unknown}
 A - a scroll of enchant weapon {unknown}
Potions
 f - 4 potions of invisibility {unknown}
 p - 3 potions of brilliance {unknown}
 t - 2 potions of heal wounds {unknown}
 w - a potion of lignification {unknown}
 z - a potion of berserk rage {unknown}
 D - a potion of might {unknown}
 E - a potion of mutation {unknown}


   Skills:
 - Level 2.0 Fighting
 + Level 11.2 Axes
 - Level 1.7 Throwing
 - Level 2.6 Dodging


You had 8 spell levels left.
You didn't know any spells.
Your spell library was empty.

Dungeon Overview and Level Annotations

Branches:
Dungeon (7/15)             Temple (0/1) D:5

Altars:
Fedhas
Gozag
Hepliaklqana
Kikubaaqudgha
Sif Muna
Trog
Vehumet
Wu Jian
Zin
The Shining One

Shops:
D:7 ?

Annotations:
D:6 Duvessa


Innate Abilities, Weirdness & Mutations

You have a pair of small antennae on your head.
You have sharp fingernails.
You have hoof-like feet.
A weak demonic guardian rushes to your aid.
Spells you cast may paralyse adjacent enemies.


Message History

Duvessa hits you with a +4 short sword of speed!
Duvessa hits you with a +4 short sword of speed.
You closely miss Duvessa. Your kick misses Duvessa.
Duvessa is heavily wounded.
Duvessa hits you but does no damage.
Duvessa hits you with a +4 short sword of speed.
You hit Duvessa. Your kick misses Duvessa.
Duvessa is heavily wounded.
Duvessa hits you but does no damage.
You hit Duvessa but do no damage. Your kick misses Duvessa.
Duvessa is heavily wounded.
Duvessa hits you with a +4 short sword of speed!
* * * LOW HITPOINT WARNING * * *
Duvessa hits you but does no damage.
You closely miss Duvessa. Your kick misses Duvessa.
Duvessa is heavily wounded.
Duvessa hits you but does no damage. Duvessa barely misses you.
You hit Duvessa but do no damage. You kick Duvessa.
Duvessa is heavily wounded.
Duvessa hits you with a +4 short sword of speed!
* * * LOW HITPOINT WARNING * * *
A demonic guardian appears!
You barely miss Duvessa. Your kick misses Duvessa.
Duvessa is heavily wounded.
Duvessa hits you with a +4 short sword of speed.
* * * LOW HITPOINT WARNING * * *
Duvessa hits you but does no damage.
Duvessa hits you with a +4 short sword of speed.
* * * LOW HITPOINT WARNING * * *
You feel yourself speed up. Duvessa hits you but does no damage. x2
Your iron imp misses Duvessa.
Duvessa rages.
Duvessa rages.
Your skin crawls.
You feel strong-willed. Duvessa hits you but does no damage.
A red film seems to cover your vision as you go berserk!
You feel yourself moving faster!
You feel mighty!
Duvessa hits you with a +4 short sword of speed!
You die...

######......####....#'###+###..
#......###### #...............
#......# #...............
#......# #(..............
#......# #...............
#......# +5..............
#......# #####...............
######## #...e..##########...
#..@...# #... #......# #<..
#......# #... #......# #...
######## ####+ #.... +.)..
#..)> ###.)..


You could see Duvessa (berserk, ally target) and a friendly iron imp (summoned).

Vanquished Creatures
  A sky beast (D:5)
  2 orc warriors (D:6)
  2 centaurs
  An ogre (D:5)
  3 phantoms
  2 bullfrogs (D:6)
  3 scorpions
  A water moccasin zombie (D:6)
  Dowan (D:6)
  5 wights (D:6)
  A vampire bat (D:2)
  A hound (D:6)
  2 orc priests
  An iguana (D:6)
  3 worker ants
  6 orc wizards
  A hound skeleton (D:2)
  11 adders
  5 gnolls
  A howler monkey skeleton (D:5)
  2 white imps
  2 ufetubi (D:6)
  2 oozes
  An adder zombie (D:5)
  An adder skeleton (D:4)
  3 worms
  2 dart slugs
  5 leopard geckos
  19 orcs
  8 bats
  4 bat skeletons (D:2)
  2 bat zombies (D:2)
  4 giant cockroaches
  11 goblins
  5 hobgoblins
  2 jackals (D:1)
  4 quokkas
  8 frilled lizards
  11 kobolds
  A leopard gecko skeleton (D:6)
  2 rats
  A bush (D:6)
153 creatures vanquished.

Vanquished Creatures (collateral kills)
  A phantom (D:4)
  A vampire bat (D:2)
  A hobgoblin (D:2)
3 creatures vanquished.

Vanquished Creatures (others)
  A plant (D:5)
1 creature vanquished.

Grand Total: 157 creatures vanquished

Notes
Turn   | Place    | Note
-------+----------+-------------------------------------------
     0 | D:1      | siradein the Demonspawn Gladiator began the quest for the
                  | Orb.
     0 | D:1      | Reached XP level 1. HP: 16/16 MP: 1/1
    64 | D:1      | Reached skill level 3 in Axes
   326 | D:1      | Gained mutation: A weak demonic guardian rushes to your
                  | aid. [demonic ancestry]
   326 | D:1      | Reached XP level 2. HP: 19/22 MP: 2/2
  1128 | D:1      | Gained mutation: You have large cloven feet. [demonic
                  | ancestry]
  1128 | D:1      | Reached XP level 3. HP: 27/27 MP: 3/3
  1174 | D:1      | Reached skill level 4 in Axes
  1557 | D:2      | Gained mutation: You have a pair of small antennae on your
                  | head. [demonic ancestry]
  1557 | D:2      | Reached XP level 4. HP: 33/33 MP: 4/4
  1576 | D:2      | Found an ancient bone altar of Kikubaaqudgha.
  1591 | D:2      | Reached skill level 5 in Axes
  1591 | D:2      | Gained mutation: You have hoof-like feet. [demonic
                  | ancestry]
  1591 | D:2      | Reached XP level 5. HP: 27/38 MP: 5/5
  1829 | D:2      | Found a bloodstained altar of Trog.
  1844 | D:2      | Became a worshipper of Trog the Wrathful
  1982 | D:2      | Found a shimmering blue altar of Sif Muna.
  1986 | D:2      | Identified Sif Muna's Guide on Translocation
  2654 | D:3      | Reached skill level 6 in Axes
  3016 | D:3      | Reached * piety under Trog
  3444 | D:3      | Gained mutation: Spells you cast may paralyse adjacent
                  | enemies. [demonic ancestry]
  3444 | D:3      | Reached XP level 6. HP: 42/44 MP: 6/6
  3836 | D:4      | Found a radiant altar of Vehumet.
  3928 | D:4      | Reached skill level 7 in Axes
  4073 | D:4      | Upgraded the game from 0.27-a0-522-g46bbb28828 to
                  | 0.27-a0-531-gb72ec1a1b6
  4123 | D:4      | Found a blossoming altar of Fedhas.
  4302 | D:4      | Reached XP level 7. HP: 35/50 MP: 7/7
  4478 | D:4      | Found an opulent altar of Gozag.
  4517 | D:5      | Entered Level 5 of the Dungeon
  4832 | D:5      | Reached ** piety under Trog
  4878 | D:5      | Reached skill level 8 in Axes
  4929 | D:5      | Found a hazy altar of Hepliaklqana.
  5091 | D:5      | You fall into a shaft and drop 2 floors!
  5142 | D:7      | Found Keom's Magic Scroll Emporium.
  5167 | D:6      | Reached skill level 9 in Axes
  5167 | D:6      | Reached XP level 8. HP: 34/56 MP: 8/8
  5735 | D:6      | Reached skill level 10 in Axes
  6210 | D:6      | Reached *** piety under Trog
  6380 | D:5      | Found a staircase to the Ecumenical Temple.
  6497 | D:5      | Found an ornate altar of the Wu Jian Council.
  6772 | D:6      | Reached skill level 11 in Axes
  6772 | D:6      | Gained mutation: You have sharp fingernails. [demonic
                  | ancestry]
  6772 | D:6      | Reached XP level 9. HP: 61/61 MP: 9/9
  7175 | D:6      | Noticed Dowan
  7178 | D:6      | Noticed Duvessa
  7183 | D:6      | Killed Dowan
  7197 | D:6      | HP: 2/61 [Duvessa/+4 short sword of speed (6)]
  7206 | D:6      | Slain by Duvessa

Illustrated notes

Levels and vault maps discovered:
D:1:      psy_arrival_statuary, layout_loops_ring, minivault_26
D:2:      layout_loops_corners, nzn_overflow_gifts_of_might_and_magic,
          kennysheep_vampire_church
D:3:      minmay_door_path, layout_loops_ring
D:4:      cheibrodos_old_hovel, layout_basic, nicolae_overflow_crystal_walls,
          fedhas_ov_isle_minmay, grunt_gozag_breadcrumbs
D:5:      layout_basic, gammafunk_temple_overflow_forgotten, kennysheep_mini,
          minmay_temple_entry_junction
D:6:      layout_gridville, minmay_hedge_maze, kennysheep_cross_room,
          uniq_duvessa
D:7:      layout_basic, general_overflow_altar, basic_altar, serial_shops,
          nicolae_shop_stone, uniq_pikel

Skill      XL: |  1  2  3  4  5  6  7  8 |
---------------+-------------------------+-----
Axes           | 3 4 5 6 7 9 11 | 11.2
Fighting       | |  2.0
Throwing       | |  1.7
Dodging        | |  2.6

Action                   |  1- 3 |  4- 6 |  7- 9 || total
-------------------------+-------+-------+-------++-------
Melee: War axe           |   147 |   131 |   306 ||   584
       Kick              |     9 |    36 |    94 ||   139
Throw: Boomerang         |       |       |     1 ||     1
Invok: Berserk           |       |       |     1 ||     1
       Trog's Hand       |       |       |     1 ||     1
  Use: Scroll            |       |     3 |     1 ||     4
       Potion            |       |       |     1 ||     1
 Stab: Distracted        |       |       |     1 ||     1
Armor: Leather armour    |     9 |       |       ||     9
       Ring mail         |    15 |       |       ||    15
       Scale mail        |    53 |    55 |     4 ||   112
       Plate armour      |       |       |   148 ||   148
       Chain mail        |       |       |    11 ||    11
Dodge: Dodged            |   125 |    88 |    87 ||   300

Table legend: (Time is in decaauts)
 A = Elapsed time spent in this place.
 B = Non-inter-level travel time spent in this place.
 C = Inter-level travel time spent in this place.
 D = Time resting spent in this place.
 E = Time spent auto-exploring this place.
 F = Levels seen in this place.
 G = Mean time per level.
                   A        B        C        D        E       F      G
               +--------+--------+--------+--------+--------+-----+--------+
         Total |   7287 |   7170 |    117 |    469 |   5146 |   7 | 1041.0 |
       Dungeon |   7287 |   7170 |    117 |    469 |   5146 |   7 | 1041.0 |
               +--------+--------+--------+--------+--------+-----+--------+

Top non-repeatable levels by time:
     D:6: 1653 daAuts
     D:2: 1417 daAuts
     D:1: 1246 daAuts
     D:5: 984 daAuts
     D:3: 965 daAuts
     D:4: 965 daAuts
     D:7: 55 daAuts
